 Dungeon Crawl Stone Soup version 0.29-a0-393-g47a863cc1b (webtiles) character file.

Game seed: 11838889833628184645

7522 siradein the Devastator (level 11, -4/66 (67) HPs)
             Began as a Tengu Conjurer on May 10, 2022.
             Was a Believer of Vehumet.
             Shot with a sling bullet by Joseph (20 damage)
             ... on level 8 of the Dungeon.
             The game lasted 00:33:01 (12187 turns).

siradein the Devastator (Tengu Conjurer)           Turns: 12187, Time: 00:33:02

HP:   -4/66 (67)    AC:  7    Str:  8    XL:     11   Next: 16%
MP:   7/22          EV: 14    Int: 23    God:    Vehumet [**....]
Gold: 479           SH:  0    Dex: 12    Spells: 13/24 levels left

rFire   . . .      SeeInvis .   r - +6 shillelagh "Devastator" {shatter}
rCold   . . .      Faith    .   (no shield)
rNeg    . . .      Spirit   .   h - +0 steam dragon scales
rPois   .          Reflect  .   A - +1 hat
rElec   .          Harm     .   u - +0 cloak
rCorr   .          Rampage  .   (no gloves)
Will    .....                   (boots unavailable)
Stlth   ++........              (no amulet)
HPRegen 0.21/turn               w - ring of wizardry
MPRegen 0.18/turn               (no ring)

@: flying quickly and evasively, lightly drained, quick
A: beak, talons 3, nimble flight
a: Renounce Religion


You were on level 8 of the Dungeon.
You worshipped Vehumet.
Vehumet was pleased with you.
You visited 2 branches of the dungeon, and saw 12 of its levels.

You collected 503 gold pieces.
You spent 24 gold pieces at shops.

Inventory:

Hand Weapons
 r - the +6 shillelagh "Devastator" (weapon) {shatter}
   (You found it on level 4 of the Dungeon)

   It releases a powerful concussive burst when it strikes, dealing extra damage
   to the target and all other foes adjacent to them.
Armour
 h - +0 steam dragon scales (worn)
 u - a +0 cloak (worn)
 A - a +1 hat (worn)
Jewellery
 q - an amulet of faith
 w - a ring of wizardry (left hand)
Wands
 d - a wand of iceblast (7)
 k - a wand of acid (7)
 n - a wand of flame (21)
 y - a wand of mindburst (7)
 z - a wand of digging (7)
Scrolls
 a - a scroll of teleportation
 l - 2 scrolls of amnesia {unknown}
 m - 3 scrolls of fear {unknown}
 o - a scroll of torment {unknown}
 p - 3 scrolls of enchant armour
 t - 2 scrolls of magic mapping {unknown}
 x - 2 scrolls of enchant weapon {unknown}
Potions
 b - a potion of magic
 c - 2 potions of curing {unknown}
 e - a potion of might
 f - 4 potions of brilliance
 g - 3 potions of resistance {unknown}
 i - a potion of mutation {unknown}
 j - 2 potions of heal wounds {unknown}
 s - 2 potions of degeneration {unknown}
 v - 2 potions of lignification {unknown}


   Skills:
 + Level 7.4 Fighting
 - Level 2.1 Dodging
 - Level 2.0 Stealth
 + Level 7.2 Spellcasting
 + Level 17.3 Conjurations


You had 13 spell levels left.
You knew the following spells:

 Your Spells              Type           Power      Damage    Failure   Level
a - Magic Dart            Conj           100%       1d8       0%          1
b - Searing Ray           Conj           100%       2d8       0%          2
c - Fulminant Prism       Conj/Hex       24%        3d13      1%          4
d - Iskenderun's Mystic   Conj/Tloc      48%        2d11      1%          4

Your spell library contained the following spells:

 Spells                   Type           Power      Damage    Failure   Level
 Scorch                   Fire           16%        2d6       4%          2
 Dazzling Flash           Conj/Hex       96%        N/A       1%          3
 Irradiate                Conj/Tmut      24%        3d21      2%          5
 Sting                    Tmut/Pois      32%        1d4       3%          1
 Summon Small Mammal      Summ           32%        N/A       3%          1
 Poisonous Vapours        Pois/Air       16%        N/A       4%          2
 Sublimation of Blood     Necr           8%         N/A       4%          2
 Wereblood                Tmut           8%         N/A       4%          2
 Call Canine Familiar     Summ           8%         N/A       9%          3
 Portal Projectile        Hex/Tloc       16%        N/A       9%          3
 Summon Guardian Golem    Hex/Summ       8%         N/A       9%          3
 Ice Form                 Ice/Tmut       8%         N/A       28%         4
 Leda's Liquefaction      Hex/Erth       4%         N/A       28%         4
 Olgreb's Toxic Radiance  Pois           8%         N/A       28%         4
 Summon Hydra             Summ           4%         N/A       100%        7


Dungeon Overview and Level Annotations

Branches:
Dungeon (11/15)            Temple (1/1) D:5
   Lair: D:8-11         Orc: D:9-12

Altars:
Ashenzari
Dithmenos
Elyvilon
Fedhas
Makhleb
Nemelex Xobeh
Okawaru
Qazlal
Ru
Sif Muna
Trog
Vehumet
Yredelemnul

Shops:
D:3 (*   D:9 [

Annotations:
D:5 1 runed translucent door, sirJeffrey23's ghost, novice OgMo
D:8 Joseph


Innate Abilities, Weirdness & Mutations

You have a beak for a mouth.
You have claws for feet.
Your magical nature lets you fly swiftly and evasively.


Message History

Press: ? - help, Dir - move target, p - Joseph You conjure a prism of explosive energy!
A fulminant prism comes into view.
Joseph shoots a sling bullet.
The sling bullet hits you!
Joseph shoots a sling bullet.
The sling bullet hits you!
Your fulminant prism crackles loudly.
The magic dart hits Joseph but does no damage.
Joseph is moderately wounded.
Your fulminant prism explodes!
The blast of energy engulfs Joseph!!
Joseph is severely wounded.
Unknown command.
Casting: Magic Dart (safe; 0% risk of failure)
Confirm with . or Enter, or press ? or * to list all spells.
You don't have enough magic to cast this spell.
Joseph shouts, "I love to fight!
I love killing!"
Joseph shoots a sling bullet.
The sling bullet closely misses you.
Joseph shoots a sling bullet.
The sling bullet barely misses you.
You see here a +0 mace.
You start resting.
Joseph is nearby!
The magic dart hits Joseph.
Joseph is severely wounded.
Joseph shoots a sling bullet.
The sling bullet barely misses you.
The magic dart hits Joseph.
Joseph is almost dead.
Joseph sighs, "Being a guard is usually so boring..."
Joseph shoots a sling bullet.
The sling bullet barely misses you.
The magic dart hits Joseph.
Joseph is almost dead.
Joseph shoots a sling bullet.
The sling bullet hits you!
You are too injured to fight recklessly!
You are too injured to fight recklessly!
Joseph shoots a sling bullet.
The sling bullet completely misses you.
Joseph shoots a sling bullet.
The sling bullet hits you!
* * * LOW HITPOINT WARNING * * *
You start resting.
Joseph is nearby!
Joseph shoots a sling bullet.
The sling bullet hits you!!
You die...

#.@....).......
#.#####..######
#.# #..# #.# #..#
#.# #..# #.# ##.#
####@# #.# #....#
#.###### #@####
#.รท....[ #.#
#####.#.
#.########>.....#.
#...........#####.
#>######## #. #.#
#. #.# #. #.# #.
#.# #.


You could see Joseph.

Vanquished Creatures
  A two-headed ogre (D:9)
  Pikel (D:7)
  A kobold demonologist (D:9)
  An unseen horror (D:10)
  A troll (D:6)
  Grinder (D:3)
  2 wyverns
  A shadow (D:7)
  2 steam dragons (D:7)
  An acid dragon (D:9)
  8 water moccasins
  2 black bears (D:4)
  3 orc warriors
  A sky beast (D:7)
  3 ogres
  2 centaurs (D:9)
  A kobold brigand (D:9)
  3 bullfrogs
  2 necrophages (D:5)
  2 scorpions
  A wyvern zombie (D:5)
  A gnoll sergeant (D:8)
  16 wights
  5 howler monkeys (D:9)
  8 crimson imps
  3 bullfrog zombies (D:5)
  A human zombie (D:5)
  6 hounds
  2 jellies
  4 orc priests
  An iguana (D:5)
  Ijyb (D:3)
  6 orc wizards
  A killer bee zombie (D:5)
  A hound zombie (D:5)
  2 mummies (D:5)
  2 gnolls (D:8)
  8 adders
  3 white imps
  3 worms
  4 dart slugs
  20 orcs
  4 endoplasms
  3 giant cockroaches
  5 goblins
  10 hobgoblins
  8 jackals
  5 kobolds
  3 quokkas
  3 ball pythons
  6 bats
  2 frilled lizards
  5 rats
192 creatures vanquished.

Vanquished Creatures (others)
  A howler monkey (D:9)
  36 fulminant prisms
37 creatures vanquished.

Grand Total: 229 creatures vanquished

Notes
Turn   | Place    | Note
-------+----------+-------------------------------------------
     0 | D:1      | siradein the Tengu Conjurer began the quest for the Orb.
     0 | D:1      | Reached XP level 1. HP: 10/10 MP: 4/4
   146 | D:1      | Reached XP level 2. HP: 15/15 MP: 3/6
   203 | D:1      | Reached skill level 6 in Conjurations
   519 | D:1      | Learned a level 2 spell: Searing Ray
   726 | D:1      | Reached XP level 3. HP: 19/19 MP: 4/7
  1434 | D:2      | Reached skill level 7 in Conjurations
  1671 | D:2      | Found a faded altar of an unknown god.
  1685 | D:2      | Reached XP level 4. HP: 24/24 MP: 3/8
  1830 | D:2      | Learned a level 4 spell: Fulminant Prism
  2248 | D:3      | Reached skill level 8 in Conjurations
  2248 | D:3      | Gained mutation: Your magical nature lets you fly swiftly
                  | and evasively. [Tengu growth]
  2248 | D:3      | Reached XP level 5. HP: 28/28 MP: 1/9
  2339 | D:3      | Noticed Ijyb
  2340 | D:3      | Found a shimmering blue altar of Sif Muna.
  2438 | D:3      | Killed Ijyb
  2520 | D:3      | Found Dohu's General Store.
  2546 | D:3      | Bought a scroll of identify for 24 gold pieces
  2603 | D:3      | Found Ucodomm's Weapon Shop.
  3318 | D:3      | Noticed Grinder
  3339 | D:3      | Killed Grinder
  3340 | D:3      | Reached skill level 10 in Conjurations
  3340 | D:3      | Reached XP level 6. HP: 19/32 MP: 0/10
  3535 | D:3      | Got Sif Muna's Handbook of the Barber Surgeon
  4136 | D:4      | Found the +6 shillelagh "Devastator" {shatter}
  4166 | D:4      | Reached XP level 7. HP: 36/36 MP: 2/11
  4300 | D:4      | Reached skill level 11 in Conjurations
  4641 | D:4      | Reached skill level 12 in Conjurations
  5115 | D:5      | Entered Level 5 of the Dungeon
  5201 | D:4      | Reached XP level 8. HP: 23/41 MP: 9/12
  5528 | D:5      | Found a runed translucent door.
  5528 | D:5      | Noticed sirJeffrey23's ghost (novice OgMo)
  5546 | D:5      | Learned a level 4 spell: Iskenderun's Mystic Blast
  5658 | D:5      | Reached skill level 13 in Conjurations
  5701 | D:5      | Found a staircase to the Ecumenical Temple.
  5710 | Temple   | Entered the Ecumenical Temple
  5792 | Temple   | Became a worshipper of Vehumet
  6020 | D:5      | HP: 1/41 [wyvern zombie (6)]
  6767 | D:5      | Reached skill level 14 in Conjurations
  6882 | D:5      | Found a basalt altar of Yredelemnul.
  7226 | D:6      | Reached skill level 1 in Fighting
  7226 | D:6      | Reached XP level 9. HP: 47/47 MP: 8/13
  7402 | D:6      | Reached skill level 15 in Conjurations
  7907 | D:6      | Reached * piety under Vehumet
  7907 | D:6      | Offered knowledge of Shock by Vehumet.
  8163 | D:6      | Noticed a troll
  8171 | D:6      | Killed a troll
  8342 | D:6      | Found a burning altar of Makhleb.
  8567 | D:7      | Noticed Pikel
  8701 | D:7      | Reached XP level 10. HP: 38/58 MP: 5/18
  8868 | D:7      | Found a bloodstained altar of Trog.
  8887 | D:7      | Reached skill level 5 in Spellcasting
  8887 | D:7      | Reached skill level 16 in Conjurations
  9029 | D:7      | Reached skill level 5 in Fighting
  9383 | D:7      | Got the Compendium of Cankerous Curses
  9818 | D:7      | Killed Pikel
 10051 | D:8      | You are sucked into a shaft and drop 3 floors!
 10082 | D:10     | Entered Level 10 of the Dungeon
 10328 | D:9      | Noticed a kobold demonologist
 10329 | D:9      | Noticed a two-headed ogre
 10439 | D:9      | Reached ** piety under Vehumet
 10439 | D:9      | Offered knowledge of Scorch by Vehumet.
 10440 | D:9      | Killed a kobold demonologist
 10554 | D:10     | Killed an unseen horror
 10686 | D:10     | Noticed a manticore
 10688 | D:10     | Noticed a boulder beetle
 10700 | D:9      | Killed a two-headed ogre
 10701 | D:9      | Reached skill level 17 in Conjurations
 10716 | D:9      | Reached XP level 11. HP: 27/67 MP: 2/22
 10739 | D:9      | HP: 1/65 [wight/+2 halberd (8)]
 11497 | D:9      | Found Pedoyw's Antique Armour Emporium.
 11824 | D:8      | Noticed Joseph
 12187 | D:8      | Shot with a sling bullet by Joseph

Illustrated notes

Levels and vault maps discovered:
D:1:      heliophobic_arrival_ceremonial_halls, layout_loops_ring
D:2:      layout_basic, chequers_ecumenical_altar_simple_redux,
          corexii_leaking_fountain, palyth_stone_intersect
D:3:      layout_basic, mainiacjoe_overflow_brackets, serial_shops,
          nicolae_shop_stone, nicolae_shop_temple_entry_statues_fountains,
          small_statue_intersection, uniq_ijyb, uniq_grinder
D:4:      layout_rooms, dilly_guarded_unrand_devastator
D:5:      layout_cave_pools, lemuel_mausoleum_altar_yredelemnul,
          minmay_temple_entry_ruins, ebering_ghost_reflecting_pool,
          serial_column_ruins, column_ruins_hut_ruined, column_ruins_open_tiny,
          column_ruins_open_small, column_ruins_grid_2, column_ruins_open_tiny,
          column_ruins_corridor_corner, kennysheep_generic_room_16
D:6:      layout_rooms, mainiacjoe_overflow_surrounded_room
D:7:      layout_loops_cross, mainiacjoe_overflow_small_starburst, uniq_pikel
D:8:      layout_loops_ring, uniq_joseph
D:9:      layout_rooms, serial_shops, nicolae_shop_crystal, minmay_nine_imps
D:10:     layout_loops_ring, minmay_lair_entry_grove, minmay_checkerbox,
          uniq_amaemon
D:11:     layout_irregular_city, nicolae_gozag_cash_rules_everything_around_me,
          uniq_maurice
Temple:   dpeg_five_rooms_temple

Skill      XL: |  1  2  3  4  5  6  7  8  9 10 11 |
---------------+----------------------------------+-----
Conjurations   | 6 7 8 10 12 14 15 17 | 17.3
Fighting       | 1 4 7 |  7.4
Spellcasting   | 4 6 7 |  7.2
Dodging        | |  2.1
Stealth        | |  2.0

Action                   |  1- 3 |  4- 6 |  7- 9 | 10-12 || total
-------------------------+-------+-------+-------+-------++-------
Melee: Dagger            |       |     4 |       |       ||     4
       Peck              |       |     1 |     1 |     2 ||     4
       Shillelagh        |       |       |    28 |    11 ||    39
       Kick              |       |       |     4 |     2 ||     6
 Cast: Magic Dart        |    61 |    91 |   119 |    63 ||   334
       Searing Ray       |     2 |     7 |    40 |    16 ||    65
       Fulminant Prism   |       |       |     5 |    31 ||    36
       Iskenderun's Myst |       |       |       |    13 ||    13
  Use: Scroll            |       |     2 |     4 |     2 ||     8
 Stab: Sleeping          |       |       |     1 |       ||     1
Armor: Leather armour    |       |     1 |    11 |     1 ||    13
       Steam dragon scal |       |       |       |    22 ||    22
Dodge: Dodged            |       |     8 |    50 |    52 ||   110

Table legend: (Time is in decaauts)
 A = Elapsed time spent in this place.
 B = Non-inter-level travel time spent in this place.
 C = Inter-level travel time spent in this place.
 D = Time resting spent in this place.
 E = Time spent auto-exploring this place.
 F = Levels seen in this place.
 G = Mean time per level.
                   A        B        C        D        E       F      G
               +--------+--------+--------+--------+--------+-----+--------+
         Total |  11777 |  11499 |    278 |   1220 |   8390 |  12 |  981.4 |
       Dungeon |  11655 |  11424 |    231 |   1220 |   8326 |  11 | 1059.5 |
        Temple |    121 |     75 |     46 |      0 |     64 |   1 |  121.0 |
               +--------+--------+--------+--------+--------+-----+--------+

Top non-repeatable levels by time:
     D:3: 1648 daAuts
     D:6: 1604 daAuts
     D:5: 1589 daAuts
     D:4: 1366 daAuts
     D:9: 1187 daAuts
     D:2: 1174 daAuts
     D:1: 1056 daAuts
     D:7: 1031 daAuts
    D:10: 565 daAuts
     D:8: 405 daAuts
  Temple: 121 daAuts
    D:11: 27 daAuts
